 Dungeon Crawl Stone Soup version 0.29.0-10-g45618ea6d2 (webtiles) character file.

Game seed: 3879462218534845316

1659 Flugkiller the Cleaver (level 8, -2/71 (73) HPs)
             Began as a Minotaur Fighter on Sept 1, 2022.
             Was a Believer of Okawaru.
             Slain by a wight
             ... wielding a +0 battleaxe
              (8 damage)
             ... on level 6 of the Dungeon.
             The game lasted 00:02:41 (5947 turns).

Flugkiller the Cleaver (Minotaur Fighter)           Turns: 5947, Time: 00:02:41

HP:   -2/71 (73)    AC: 13    Str: 21    XL:     8   Next: 68%
MP:   7/7           EV:  6    Int:  5    God:    Okawaru [**....]
Gold: 296           SH:  4    Dex: 12    Spells: 7/7 levels left

rFire   . . .      SeeInvis .   a - +0 war axe
rCold   . . .      Faith    .   c - +0 buckler
rNeg    . . .      Spirit   .   d - +0 plate armour
rPois   .          Reflect  .   (helmet unavailable)
rElec   .          Harm     .   (no cloak)
rCorr   .          Rampage  .   (no gloves)
Will    .....                   (no boots)
Stlth   ..........              (no amulet)
HPRegen 0.21/turn               (no ring)
MPRegen 0.10/turn               (no ring)

@: lightly drained
A: horns 3, retaliatory headbutt, hooves 1
a: Renounce Religion, Heroism


You were on level 6 of the Dungeon.
You worshipped Okawaru.
Okawaru was pleased with you.
You visited 2 branches of the dungeon, and saw 7 of its levels.

You collected 332 gold pieces.
You spent 36 gold pieces at shops.

Inventory:

Hand Weapons
 a - a +0 war axe (weapon)
Missiles
 m - 8 boomerangs (quivered)
Armour
 b - a +0 scale mail
 c - a +0 buckler (worn)
 d - a +0 plate armour (worn)
   (You found it on level 4 of the Dungeon)
 p - a +2 hat
   (You found it on level 3 of the Dungeon)
Jewellery
 u - a ring of magical power
   (You found it on level 5 of the Dungeon)
Scrolls
 j - a scroll of fog {unknown}
 l - a scroll of magic mapping
 o - a scroll of enchant armour {unknown}
 r - a scroll of identify
 s - a scroll of immolation {unknown}
 t - 2 scrolls of teleportation
 z - 2 scrolls of blinking
Potions
 e - a potion of lignification
 f - 2 potions of magic {unknown}
 g - 3 potions of mutation
 h - 2 potions of berserk rage {unknown}
 i - 2 potions of curing {unknown}
 k - a potion of resistance {unknown}
 n - 3 potions of brilliance
 q - a potion of haste {unknown}
 v - a potion of cancellation {unknown}
 w - 4 potions of heal wounds


   Skills:
 + Level 7.5 Fighting
 * Level 9.7 Axes
 + Level 7.6 Armour
 - Level 3.6 Shields


You had 7 spell levels left.
You didn't know any spells.
Your spell library was empty.

Dungeon Overview and Level Annotations

Branches:
Dungeon (6/15)             Temple (1/1) D:5

Altars:
Ashenzari
Cheibriados
Dithmenos
Elyvilon
Fedhas
Gozag
Makhleb
Okawaru
Qazlal
Ru
Sif Muna
Trog
Uskayaw
Vehumet
Wu Jian
Xom
Yredelemnul
Zin
The Shining One

Shops:
D:1 [?[*=   D:3 [


Innate Abilities, Weirdness & Mutations

You have a pair of large horns on your head.
You reflexively headbutt those who attack you in melee.
You have large cloven feet.


Message History

The gnoll hits you from afar with a +0 spear.
You hit the necrophage. You headbutt the necrophage!
The necrophage is almost destroyed.
The necrophage hits you but does no damage.
The gnoll hits you but does no damage.
You slash the necrophage!
You destroy the necrophage!
Okawaru accepts your kill. The gnoll hits you but does no damage.
Your life force feels restored.
The gnoll hits you but does no damage.
You see here a +0 giant spiked club.
You closely miss the gnoll. You kick the gnoll, but do no damage.
The gnoll hits you but does no damage.
You hit the gnoll. Your kick misses the gnoll. Your headbutt misses the gnoll.
The gnoll is lightly wounded.
The gnoll hits you but does no damage.
You slash the gnoll!
The gnoll is almost dead.
The gnoll hits you but does no damage.
You hit the gnoll.
You kill the gnoll!
Okawaru accepts your kill.
You start resting.
HP restored.
You now have 296 gold pieces (gained 8).
You see here a scorpion corpse.
Found a shadowy altar of Dithmenos.
There is a shadowy altar of Dithmenos here.
There is an escape hatch in the floor here.
You open the door.
A centaur comes into view.
The centaur wields a +0 shortbow.
The centaur shoots an arrow.
The arrow hits you.
There is an open door here.
A centaur is nearby!
A centaur is nearby!
The centaur shoots an arrow.
The arrow barely misses you.
The centaur shoots an arrow.
The arrow hits you.
A wight comes into view. It is wielding a +3 flail of freezing.
The centaur shoots an arrow.
The arrow hits you but does no damage.
A wight comes into view. It is wielding a +5 spear.
The centaur shoots an arrow.
The arrow barely misses you.
A wight comes into view. It is wielding a +0 battleaxe.
The centaur shoots an arrow.
The arrow hits you but does no damage.
Found an escape hatch in the ceiling.
The centaur shoots an arrow.
You block the arrow.
The centaur shoots an arrow.
The arrow hits you. The wight closely misses you.
The centaur shoots an arrow.
The arrow hits you.
You barely miss the wight. Your headbutt misses the wight.
The centaur shoots an arrow.
You block the arrow.
The wight hits you from afar with a +5 spear!
You feel drained. The wight barely misses you.
You hit the wight but do no damage. You kick the wight.
Your headbutt misses the wight.
The wight is moderately damaged.
The centaur shoots an arrow.
The arrow hits you.
The wight hits you from afar with a +5 spear.
You feel drained.
You barely miss the wight. You kick the wight, but do no damage.
Your headbutt misses the wight.
The wight is moderately damaged.
You hit the wight but do no damage.
The wight hits you from afar with a +5 spear.
You block the wight's attack. The wight closely misses you.
You closely miss the wight. You kick the wight, but do no damage.
You headbutt the wight!
The wight is almost destroyed.
You hit the wight. You hit the centaur but do no damage.
The centaur unwields a +0 shortbow.
The centaur barely misses you. x2
The wight hits you from afar with a +5 spear.
You feel drained. You block the wight's attack. x2
You hit the wight.
You destroy the wight!
Okawaru accepts your kill.
You hit the wight. You slash the centaur!
The centaur hits you but does no damage.
The centaur kicks you but does no damage.
The wight hits you with a +0 battleaxe. The wight closely misses you.
You barely miss the centaur. You headbutt the centaur!
You kill the centaur!
Okawaru accepts your kill.
You closely miss the wight. The wight hits you but does no damage.
Your life force feels restored.
You hit the wight but do no damage. You kick the wight, but do no damage.
Your headbutt misses the wight.
The wight is moderately damaged.
You block the wight's attack. The wight hits you with a +0 battleaxe!
There are monsters nearby!
You are too injured to fight recklessly!
You are too injured to fight recklessly!
You are too injured to fight recklessly!
You hit the wight. Your headbutt misses the wight.
The wight is heavily damaged.
The wight hits you from afar with a +5 spear!
* * * LOW HITPOINT WARNING * * *
You feel drained.
* * * LOW HITPOINT WARNING * * *
The wight hits you with a +0 battleaxe!
You die...

#........##
#........##
#.........# ..
###........#.
#..######.....>..####
+.......'........# #
####...#........#
...#######.#........#
.....z.@............#
......)z.....########
#............#
#<............#
#...........#...
..############### #


You could see 2 wights.

Vanquished Creatures
  Duvessa (D:5)
  A black bear (D:4)
  An ice beast (D:6)
  4 ogres
  A centaur (D:6)
  A phantom (D:5)
  A necrophage (D:6)
  3 scorpions
  Dowan (D:5)
  A wight (D:6)
  A howler monkey (D:4)
  3 hounds
  2 jellies
  2 orc priests (D:5)
  3 orc wizards (D:5)
  14 gnolls
  4 adders
  A shadow imp (D:5)
  An ufetubus (D:6)
  2 dart slugs
  7 orcs
  3 bats
  6 endoplasms
  3 giant cockroaches
  4 goblins
  A hobgoblin (D:1)
  6 kobolds
  2 ball pythons (D:4)
  A frilled lizard (D:3)
  5 rats
86 creatures vanquished.

Notes
Turn   | Place    | Note
-------+----------+-------------------------------------------
     0 | D:1      | Flugkiller the Minotaur Fighter began the quest for the
                  | Orb.
     0 | D:1      | Reached XP level 1. HP: 19/19 MP: 0/0
    82 | D:1      | Found Nacargha's Jewellery Emporium.
   128 | D:1      | Found Istrog's General Store.
   143 | D:1      | Found Pazot's Armour Shoppe.
   167 | D:1      | Found Jaedekka's Armour Boutique.
   352 | D:1      | Found Misymu's Magic Scroll Shop.
   360 | D:1      | Bought a scroll of teleportation for 36 gold pieces
   446 | D:1      | Reached XP level 2. HP: 27/27 MP: 1/1
   482 | D:1      | Reached skill level 3 in Axes
   719 | D:2      | Found a faded altar of an unknown god.
   850 | D:2      | Reached XP level 3. HP: 28/33 MP: 2/2
  1390 | D:2      | Reached skill level 4 in Axes
  1953 | D:3      | Reached XP level 4. HP: 39/40 MP: 3/3
  2393 | D:3      | Found Iseuc's Antique Armour Shop.
  2626 | D:3      | Reached XP level 5. HP: 34/47 MP: 4/4
  2741 | D:3      | Found a shimmering blue altar of Sif Muna.
  2741 | D:3      | Found a shimmering altar of Xom.
  2922 | D:4      | Noticed a black bear
  2937 | D:4      | Killed a black bear
  2938 | D:4      | Reached skill level 5 in Fighting
  2938 | D:4      | Reached skill level 5 in Axes
  2938 | D:4      | Reached skill level 5 in Armour
  3283 | D:4      | Reached XP level 6. HP: 35/56 MP: 5/5
  3957 | D:4      | Reached skill level 6 in Axes
  4228 | D:5      | Entered Level 5 of the Dungeon
  4306 | D:5      | Found a staircase to the Ecumenical Temple.
  4324 | Temple   | Entered the Ecumenical Temple
  4460 | Temple   | Became a worshipper of Warmaster Okawaru
  4563 | D:5      | Reached XP level 7. HP: 62/62 MP: 6/6
  4619 | D:5      | Noticed Dowan
  4620 | D:5      | Noticed Duvessa
  4630 | D:5      | Gained mutation: You have a pair of large horns on your
                  | head. [potion of mutation]
  4630 | D:5      | Gained mutation: You have large cloven feet. [potion of
                  | mutation]
  4637 | D:5      | Killed Duvessa
  4638 | D:5      | Reached skill level 7 in Axes
  4654 | D:5      | Killed Dowan
  5070 | D:5      | Reached * piety under Okawaru
  5155 | D:5      | Reached skill level 8 in Axes
  5221 | D:5      | Reached XP level 8. HP: 58/71 MP: 7/7
  5386 | D:5      | Found a sacrificial altar of Ru.
  5740 | D:6      | Found a stormy altar of Qazlal.
  5759 | D:6      | Reached skill level 9 in Axes
  5904 | D:6      | Found a shadowy altar of Dithmenos.
  5945 | D:6      | Reached ** piety under Okawaru
  5947 | D:6      | Slain by a wight

Illustrated notes

Levels and vault maps discovered:
D:1:      dpeg_arrival_more_subterranean_lakeside_camping, layout_loops_ring,
          serial_shops, nicolae_shop_waterfront, shop_statue, shop_scrolls,
          shop, nicolae_shop_competitors_out_of_business
D:2:      layout_loops_corners, chequers_ecumenical_altar_simple_redux
D:3:      layout_basic, gammafunk_temple_overflow_pools, serial_shops,
          nicolae_shop_hallway_plus
D:4:      layout_loops_corners, portal_sewer_entry_d,
          nicolae_concentric_dashed_squares_wild
D:5:      layout_loops_corners, nicolae_ru_path_of_blood,
          minmay_temple_entry_sparse_star, uniq_duvessa
D:6:      layout_basic, marbit_many_paths, mainiacjoe_overflow_six_doors_small,
          chequers_serial_rivers_micro_c, nicolae_lava_and_water
Temple:   nicolae_temple_superstar

Skill      XL: |  1  2  3  4  5  6  7  8 |
---------------+-------------------------+-----
Axes           | 3 4 5 6 8 9 |  9.7
Fighting       | 4 5 6 7 |  7.5
Armour         | 4 5 6 7 |  7.6
Shields        | |  3.6

Action                   |  1- 3 |  4- 6 |  7- 9 || total
-------------------------+-------+-------+-------++-------
Melee: War axe           |    59 |   115 |    75 ||   249
       Headbutt          |     6 |    13 |    14 ||    33
       Kick              |       |       |    22 ||    22
  Use: Potion            |       |     1 |     4 ||     5
       Scroll            |       |     5 |       ||     5
Armor: Scale mail        |    24 |    47 |       ||    71
       Plate armour      |       |    17 |    42 ||    59
       Skin              |       |       |     8 ||     8
Dodge: Dodged            |    27 |    40 |    27 ||    94
Block: Buckler           |    16 |    22 |    22 ||    60
